 Dungeon Crawl Stone Soup version 0.29-a0-824-gd827844252 (webtiles) character file.

Game seed: 12386373211451025293

11373 buhh the Grappler (level 11, -2/97 HPs)
             Began as a Pale Draconian Transmuter on July 10, 2022.
             Was an Elder of Cheibriados.
             Slain by a cane toad (11 damage)
             ... on level 2 of the Lair of Beasts.
             The game lasted 00:17:08 (12608 turns).

buhh the Grappler (Pale Draconian Transmuter)      Turns: 12608, Time: 00:17:08

Health: -2/97      AC:  9    Str: 22    XL:     11   Next: 48%
Magic:  10/15      EV: 22    Int: 26    God:    Cheibriados [****..]
Gold:   644        SH:  0    Dex: 21    Spells: 10/16 levels left

rFire   + . .      SeeInvis .     - Unarmed
rCold   . . .      Faith    .   (no shield)
rNeg    . . .      Spirit   .   (body armour unavailable)
rPois   .          Reflect  .   (helmet currently unavailable)
rElec   +          Harm     .   H - +0 cloak
rCorr   +          Rampage  .   O - +0 pair of gloves
Will    .....                   (boots currently unavailable)
Stlth   +.........              (no amulet)
HPRegen 0.26/turn               n - +4 ring of evasion
MPRegen 0.14/turn               f - ring "Koigysits" {+Blink rElec rF+ rCorr Stlth-}

@: appendages (expiring), very slow
A: horns 2, talons 2, breathe steam, AC +7, unfitting armour, cold-blooded,
steam resistance
a: Breathe Steam, End Transformation, Renounce Religion, Evoke Blink, Bend Time,
Temporal Distortion, Slouch


You were on level 2 of the Lair of Beasts.
You worshipped Cheibriados.
Cheibriados was greatly pleased with you.
You had temporarily grown beastly horns and talons.
You visited 3 branches of the dungeon, and saw 12 of its levels.

You collected 644 gold pieces.

Inventory:

Missiles
 I - 2 curare-tipped darts
 M - 6 poisoned darts
Armour
 q - a +2 helmet
 s - a +2 hat (melded)
 H - a +0 cloak (worn)
 O - a +0 pair of gloves (worn)
Magical Staves
 l - a staff of conjuration
Jewellery
 b - a ring of poison resistance
 d - a +6 ring of intelligence
 f - the ring "Koigysits" (right hand) {+Blink rElec rF+ rCorr Stlth-}
   (You acquired it on level 7 of the Dungeon)

   [ring of protection from fire]

   rF:        It protects you from fire.
   rElec:     It insulates you from electricity.
   +Blink:    It lets you blink.
   rCorr:     It protects you from acid and corrosion.
   Stlth:     It makes you less stealthy.
 g - a ring of resist corrosion
 j - an amulet of faith
 n - a +4 ring of evasion (left hand)
Wands
 A - a wand of digging (3)
 B - a wand of acid (16)
 C - a wand of iceblast (6)
 E - a wand of flame (27)
 F - a wand of charming (1)
Scrolls
 a - a scroll of identify {!d}
 e - 2 scrolls of noise
 m - 2 scrolls of amnesia {unknown}
 t - a scroll of summoning {unknown}
 x - 2 scrolls of silence {unknown}
 y - a scroll of poison {unknown}
 D - 3 scrolls of enchant armour {unknown}
 G - 2 scrolls of torment {unknown}
 J - 3 scrolls of blinking {unknown}
 K - 3 scrolls of enchant weapon {unknown}
 N - a scroll of vulnerability {unknown}
Potions
 h - 3 potions of brilliance {unknown}
 i - 2 potions of haste {unknown}
 k - 4 potions of attraction
 o - a potion of mutation {!q!d}
 p - a potion of cancellation {unknown}
 r - 2 potions of might {unknown}
 u - a potion of ambrosia {!d}
 v - a potion of curing {!d}
 z - 2 potions of invisibility {unknown}
 Z - 2 potions of flight


   Skills:
 - Level 9.0 Fighting
 + Level 9.0 Dodging
 + Level 10.1 Unarmed Combat
 - Level 3.0 Spellcasting
 * Level 7.8 Transmutations
 - Level 5.0 Ice Magic


You had 10 spell levels left.
You knew the following spells:

 Your Spells              Type           Power      Damage    Failure   Level
a - Beastly Appendage     Tmut           88%        N/A       1%          1
b - Wereblood             Tmut           44%        N/A       1%          2
c - Spider Form           Tmut/Pois      24%        N/A       6%          3

Your spell library contained the following spells:

 Spells                   Type           Power      Damage    Failure   Level
 Ice Form                 Ice/Tmut       37%        N/A       7%          4
 Apportation              Tloc           6%         N/A       10%         1
 Necrotise                Necr           12%        1d4       10%         1
 Slow                     Hex            12%        N/A       10%         1
 Summon Small Mammal      Summ           12%        N/A       10%         1
 Confusing Touch          Hex            3%         N/A       28%         3
 Vampiric Draining        Necr           3%         2d6       28%         3


Dungeon Overview and Level Annotations

Branches:
Dungeon (8/15) Zot: 37882  Temple (1/1) D:4 Zot: 8892    Lair (3/6) D:8 Zot: 23774
  Swamp: Lair:2-4    Shoals: Lair:2-4     Snake: Lair:2-4    Spider: Lair:2-4

Altars:
Ashenzari
Cheibriados
Dithmenos
Elyvilon
Fedhas
Gozag
Hepliaklqana
Kikubaaqudgha
Makhleb
Nemelex Xobeh
Okawaru
Ru
Trog
Uskayaw
Wu Jian
Xom
Yredelemnul
Zin

Shops:
D:5 *

Annotations:
D:3 exclusion: jelly


Innate Abilities, Weirdness & Mutations

You have temporarily grown beastly horns and talons.
You can breathe blasts of scalding, opaque steam.
Your pale cyan-grey scales are hard. (AC +7)
You cannot fit into any form of body armour.
You are cold-blooded and may be slowed by cold attacks.
You are immune to the effects of steam.


Message History

You feel much better.
You feel very sick.
The cane toad closely misses you. x2; The cane toad stings you.
Activating: Slouch (63% risk of failure)
Press: ? - help, Dir - look around, f - activate You can feel time thicken for a moment.
You kill the water moccasin!
Cheibriados thoroughly appreciates the change of pace.
You kill the cane toad!
Cheibriados appreciates the change of pace.
Cheibriados lowers the support of your attributes as your movement quickens.
You feel very sick. The cane toad stings you!
The cane toad stings you but does no damage.
The cane toad closely misses you.
Your Dodging skill increases to level 9!
Unknown command.
You barely miss the cane toad. You punch the cane toad.
The cane toad is almost dead.
You feel very sick. The cane toad stings you!!
* * * LOW HITPOINT WARNING * * *
You are more poisoned.
The cane toad poisons you! The cane toad misses you.
You punch the cane toad!
You kill the cane toad!
Cheibriados thoroughly appreciates the change of pace.
* * * LOW HITPOINT WARNING * * *
You feel very sick.
The cane toad stings you but does no damage.
Okay, then.
You feel better.
Your transformation is almost over.
The cane toad stings you!
* * * LOW HITPOINT WARNING * * *
The cane toad misses you.
You hit the cane toad but do no damage. You claw the cane toad.
The cane toad is almost dead.
The cane toad stings you!
You die...

...# ####.(.#P##........#
...... ..
##..####........# .P....
. ## #. #..# #....###...
.#.P.. ..#.##.##..##
##..#..⌠.#. +# #..
.....#?#....# #.........
. . .(.....#...
##...⌠.>... . .........#
#...#.....# .......††#
#P.##..⌠..#
.......F@#######....####.
#.######.P.#.###.###.#...
#.........# ###..#
#..#...##..# #....
#..#....#.## ##..# ....
#..#....#.# #..# #.....#
#.......#.# #..# ......#
##..P......# #... ..)...#
#...#......#####..#


You could see a cane toad.

Vanquished Creatures
  Erica (D:8)
  3 death yaks (Lair:2)
  Pikel (D:8)
  Maurice (D:8)
  7 cane toads
  4 komodo dragons
  A polar bear (Lair:1)
  5 yaks
  A basilisk (Lair:1)
  An acid dragon (D:8)
  5 water moccasins
  A sky beast (D:6)
  An ice beast (D:8)
  4 ogres
  7 wolves (Lair:2)
  A phantom (D:5)
  2 lemures (D:8)
  A kobold brigand (D:7)
  8 bullfrogs
  A necrophage (D:6)
  A scorpion (D:5)
  7 wights
  9 killer bees (D:8)
  A howler monkey (D:7)
  5 hounds
  4 jellies
  5 orc priests
  5 orc wizards
  7 iguanas
  A gnoll (D:2)
  7 adders
  2 shadow imps
  3 white imps
  2 ufetubi (D:6)
  3 worms
  A dart slug (D:4)
  20 orcs
  7 ball pythons
  8 endoplasms
  A giant cockroach (D:2)
  4 goblins
  2 hobgoblins (D:3)
  9 kobolds
  3 quokkas
  4 bats
  15 frilled lizards
  3 rats
195 creatures vanquished.

Vanquished Creatures (collateral kills)
  A gnoll (D:2)
1 creature vanquished.

Vanquished Creatures (others)
  A gnoll bouda (D:2)
  2 gnolls (D:2)
  2 fungi (Lair:2)
  59 plants
64 creatures vanquished.

Grand Total: 260 creatures vanquished

Notes
Turn   | Place    | Note
-------+----------+-------------------------------------------
     0 | D:1      | buhh the Draconian Transmuter began the quest for the Orb.
     0 | D:1      | Reached XP level 1. HP: 16/16 MP: 3/3
   359 | D:1      | Reached XP level 2. HP: 23/23 MP: 3/5
   384 | D:1      | Learned a level 2 spell: Wereblood
   507 | D:1      | Found a faded altar of an unknown god.
  1315 | D:2      | Found a broken altar of Ashenzari.
  1403 | D:2      | Reached XP level 3. HP: 29/29 MP: 4/6
  1592 | D:2      | Reached XP level 4. HP: 5/36 MP: 7/7
  2435 | D:3      | Found a white marble altar of Elyvilon.
  2992 | D:3      | Reached XP level 5. HP: 36/42 MP: 9/9
  3892 | D:4      | Learned a level 3 spell: Spider Form
  4085 | D:4      | Reached skill level 4 in Unarmed Combat
  4267 | D:4      | Reached XP level 6. HP: 6/51 MP: 8/10
  4665 | D:4      | Found a staircase to the Ecumenical Temple.
  4715 | Temple   | Entered the Ecumenical Temple
  4773 | Temple   | Became a worshipper of Cheibriados the Contemplative
  5210 | D:5      | Entered Level 5 of the Dungeon
  5680 | D:5      | Your scales start taking on a pale cyan-grey colour.
  5680 | D:5      | Reached XP level 7. HP: 59/59 MP: 6/11
  5680 | D:5      | Gained mutation: You are immune to the effects of steam.
                  | [Pale Draconian growth]
  5740 | D:5      | Reached skill level 5 in Unarmed Combat
  5891 | D:5      | Found Locsaria's Overcharged Wands.
  6007 | D:5      | Reached skill level 5 in Fighting
  6073 | D:5      | Reached * piety under Cheibriados
  6110 | D:5      | Found a sacrificial altar of Ru.
  6114 | D:5      | Found a shimmering altar of Xom.
  6141 | D:5      | Found a shadowy altar of Dithmenos.
  6317 | D:6      | Reached XP level 8. HP: 68/69 MP: 10/12
  6357 | D:6      | Reached skill level 5 in Dodging
  6360 | D:6      | Reached skill level 6 in Unarmed Combat
  7268 | D:7      | Reached ** piety under Cheibriados
  7364 | D:7      | Reached skill level 7 in Unarmed Combat
  7547 | D:7      | Reached XP level 9. HP: 79/79 MP: 13/13
  8235 | D:8      | Noticed Pikel
  8263 | D:8      | Killed Pikel
  8765 | D:8      | Found a staircase to the Lair.
  8766 | D:8      | Noticed a komodo dragon
  8778 | D:8      | Killed a komodo dragon
  8779 | D:8      | Reached skill level 8 in Unarmed Combat
  8837 | D:8      | Identified the +1 ring mail of Inaction {Str+4 Dex+3}
  8954 | D:8      | Reached *** piety under Cheibriados
  9301 | D:8      | Noticed Erica
  9307 | D:8      | Killed Erica
  9308 | D:8      | Reached XP level 10. HP: 91/91 MP: 14/14
  9630 | D:8      | Reached skill level 1 in Ice Magic
  9731 | D:8      | Noticed Maurice
  9736 | D:8      | Killed Maurice
  9989 | D:7      | Identified a scroll of acquirement
  9989 | D:7      | Acquired the ring "Koigysits" {+Blink rElec rF+ rCorr
                  | Stlth-}
 10092 | Lair:1   | Entered Level 1 of the Lair of Beasts
 10184 | Lair:1   | Reached skill level 9 in Unarmed Combat
 10248 | Lair:1   | Noticed a cane toad
 10255 | Lair:1   | Killed a cane toad
 10347 | Lair:1   | Noticed a cane toad
 10355 | Lair:1   | Killed a cane toad
 11181 | Lair:2   | Noticed a death yak
 11192 | Lair:2   | Killed a death yak
 11193 | Lair:2   | Reached skill level 5 in Transmutations
 11203 | Lair:2   | Noticed a death yak
 11204 | Lair:2   | Noticed a death yak
 11220 | Lair:2   | Killed a death yak
 11228 | Lair:2   | Killed a death yak
 11228 | Lair:2   | Reached **** piety under Cheibriados
 11237 | Lair:2   | Reached XP level 11. HP: 34/97 MP: 15/15
 11552 | Lair:2   | Reached skill level 5 in Ice Magic
 12111 | Lair:3   | Found an iron altar of Okawaru.
 12405 | Lair:2   | Reached skill level 10 in Unarmed Combat
 12608 | Lair:2   | Slain by a cane toad

Illustrated notes

Levels and vault maps discovered:
D:1:      lightli_arrival_chessboard, layout_basic,
          hellmonk_ecumenical_altar_lost_god, kennysheep_flooded_box,
          minmay_lizard_king
D:2:      layout_loops_corners, basic_altar, grunt_ministairs_8,
          hangedman_decor_riveting, dreamdust_wishing_well,
          minmay_misc_feat_roman
D:3:      layout_loops_ring, elyvilon_altar_4, kennysheep_boxes
D:4:      layout_basic, minmay_temple_entry_steel_oval, st_stairs_7,
          nicolae_eternal_life, minmay_door_square, kennysheep_cross_bottleneck
D:5:      layout_basic, minmay_overflow_temple_star_quad,
          nicolae_shop_overcharged_wands
D:6:      layout_loops_cross, hangedman_decor_peaks_small
D:7:      layout_basic
D:8:      layout_layer_cave, david_lair_shrubbed, serial_park_tiny_2,
          uniq_maurice, uniq_erica, uniq_pikel
Temple:   nicolae_temple_god_jail
Lair:1:   layout_roguey, nicolae_volcano_entry_s_turn, minivault_23,
          st_stairs_11, lemuel_fruit_fields
Lair:2:   layout_chaotic_city, beast_lair_carwin_7, grunt_megastairs_1
Lair:3:   layout_cave_pods, basic_altar, gauntlet_entry_generic

Skill      XL: |  1  2  3  4  5  6  7  8  9 10 11 |
---------------+----------------------------------+-----
Dodging        | 2 3 4 6 7 8 9 |  9.0
Fighting       | 2 3 4 5 7 9 |  9.0
Spellcasting   | 3 |  3.0
Transmutations | 3 5 7 |  7.8
Unarmed Combat | 4 5 7 8 9 10 | 10.1
Ice Magic      | 4 5 |  5.0

Action                   |  1- 3 |  4- 6 |  7- 9 | 10-12 || total
-------------------------+-------+-------+-------+-------++-------
Melee: Unarmed           |    79 |   169 |   116 |   139 ||   503
       Kick              |    10 |    31 |    16 |    61 ||   118
       Tailslap          |     7 |    15 |    17 |    25 ||    64
       Headbutt          |     6 |    19 |    10 |    36 ||    71
       Punch             |     1 |     2 |     5 |    13 ||    21
 Cast: Beastly Appendage |    17 |    33 |    18 |    21 ||    89
       Wereblood         |     1 |     2 |       |     5 ||     8
       Spider Form       |       |     5 |       |       ||     5
Invok: Slouch            |       |       |       |     1 ||     1
 Abil: Breathe Steam     |       |       |    49 |    17 ||    66
Evoke: Wand              |     5 |     2 |     8 |       ||    15
  Use: Potion            |     1 |       |     3 |     4 ||     8
       Scroll            |       |       |       |    11 ||    11
 Stab: Sleeping          |       |     1 |       |       ||     1
Armor: Skin              |    25 |    52 |    54 |    26 ||   157
Dodge: Dodged            |    46 |   107 |   122 |   172 ||   447

Table legend: (Time is in decaauts)
 A = Elapsed time spent in this place.
 B = Non-inter-level travel time spent in this place.
 C = Inter-level travel time spent in this place.
 D = Time resting spent in this place.
 E = Time spent auto-exploring this place.
 F = Levels seen in this place.
 G = Mean time per level.
                   A        B        C        D        E       F      G
               +--------+--------+--------+--------+--------+-----+--------+
         Total |  14782 |  14119 |    663 |    549 |  11993 |  12 | 1231.8 |
       Dungeon |  11483 |  10849 |    634 |    532 |   9058 |   8 | 1435.4 |
        Temple |     78 |     58 |     20 |      0 |     46 |   1 |   78.0 |
          Lair |   3220 |   3212 |      8 |     17 |   2889 |   3 | 1073.3 |
               +--------+--------+--------+--------+--------+-----+--------+

Top non-repeatable levels by time:
     D:8: 2364 daAuts
     D:4: 2158 daAuts
  Lair:2: 1736 daAuts
  Lair:1: 1482 daAuts
     D:7: 1446 daAuts
     D:6: 1292 daAuts
     D:2: 1267 daAuts
     D:1: 1159 daAuts
     D:3: 1042 daAuts
     D:5: 751 daAuts
  Temple: 78 daAuts
  Lair:3: 1 daAuts
